| TOP OF THE 1ST |
|
Iowa Cubs batting - Pitching for Oklahoma City Dodgers : RHP Tyler Scherer
|
|
Pitching: RHP Tyler Scherer
|
|
|
Batting: SHB Seung-ho Zhang
|
0-0: Ball 1-0: Called Strike 1-1: Fly out, F9 (Flyball, 9LM, EV 93.8 MPH)
|
|
Batting: LHB Sumiki Okuhara
|
0-0: Called Strike 0-1: Swinging Strike 0-2: Ball 1-2: Foul Ball, location: 2F 1-2: Ball 2-2: Hit by Pitch
|
|
Batting: LHB Mark Ingram
|
0-0: Called Strike 0-1: Ball 1-1: Ball 2-1: Foul Ball, location: 2F 2-2: Grounds into double play, 6-4-3 (Groundball, 6M, EV 100.0 MPH)
|
| Top of the 1st over - 0 runs, 0 hits, 0 errors, 0 left on base; Iowa 0 - Oklahoma City 0 |
| BOTTOM OF THE 1ST |
|
Oklahoma City Dodgers batting - Pitching for Iowa Cubs : LHP Jesse Fields
|
|
Pitching: LHP Jesse Fields
|
|
|
Batting: RHB Theo Schepers
|
0-0: Ball 1-0: Foul Ball, location: 2F 1-1: Ball 2-1: SINGLE (Groundball, 56D, EV 101.2 MPH)
|
|
Batting: RHB Jeremy Giesler
|
0-0: Called Strike 0-1: Fly out, F8 (Line Drive, 8LS, EV 87.5 MPH)
|
|
Batting: LHB Steve Pond
|
0-0: Ball 1-0: SINGLE (Line Drive, 4D, EV 102.5 MPH) Theo Schepers to second
|
|
Batting: RHB Curt Earnest
|
0-0: 3-RUN HOME RUN (Flyball, 7LD, EV 103.1 MPH), Distance : 382 ft
|
|
Batting: LHB Jose Robles
|
0-0: Ball 1-0: Fly out, F3 (Line Drive, 3, EV 65.0 MPH)
|
|
Batting: RHB Mike Dodson
|
0-0: Ball 1-0: Ball 2-0: SINGLE (Groundball, 4MD, EV 104.4 MPH)
|
|
Batting: RHB T.J. Jordan
|
0-0: Called Strike 0-1: SINGLE (Line Drive, 78S, EV 92.5 MPH) Mike Dodson to second Runner from 2nd tries for 3rd, SAFE, throw by LF made to third
|
|
Batting: LHB Robin More
|
0-0: Ball 1-0: Foul Ball, location: 2F 1-1: Ball 2-1: Fly out, F8 (Flyball, 8LS, EV 90.6 MPH)
|
| Bottom of the 1st over - 3 runs, 5 hits, 0 errors, 2 left on base; Iowa 0 - Oklahoma City 3 |
| TOP OF THE 2ND |
|
Iowa Cubs batting - Pitching for Oklahoma City Dodgers : RHP Tyler Scherer
|
|
Batting: RHB Ricardo Aguinaga
|
0-0: Ball 1-0: Ball 2-0: SINGLE (Line Drive, 4D, EV 98.8 MPH)
|
|
Batting: SHB Gabriel Cruz
|
0-0: Called Strike 0-1: Ball 1-1: Ball Pickoff Throw to First - Out! 1-3 2-1: SINGLE (Line Drive, 5D, EV 93.8 MPH)
|
|
Batting: RHB Brian Gargis
|
0-0: Ball 1-0: DOUBLE (Line Drive, 89D, EV 103.1 MPH) Gabriel Cruz to third
|
|
Batting: RHB Pat Barton
|
0-0: Called Strike 0-1: Fly out, F8 (Line Drive, 8RM, EV 105.0 MPH)
|
|
Batting: RHB Rich Thurman
|
0-0: SINGLE (Flyball, 8RS, EV 94.4 MPH) Gabriel Cruz scores Brian Gargis to third Runner from 3rd tries for Home, SAFE, throw by CF to home Rich Thurman to second
|
|
Batting: RHB Adam Kelliher
|
0-0: Called Strike 0-1: Ball Wild Pitch! Rich Thurman to third 1-1: Ball 2-1: Ground out 5-3 (Groundball, 5S, EV 86.2 MPH)
|
| Top of the 2nd over - 2 runs, 4 hits, 0 errors, 1 left on base; Iowa 2 - Oklahoma City 3 |
| BOTTOM OF THE 2ND |
|
Oklahoma City Dodgers batting - Pitching for Iowa Cubs : LHP Jesse Fields
|
|
Batting: LHB Darrell Ortega
|
0-0: Called Strike 0-1: Called Strike 0-2: Foul Ball, location: 2F 0-2: Ball 1-2: Ground out 4-3 (Groundball, 4S, EV 74.4 MPH)
|
|
Batting: RHB Theo Schepers
|
0-0: TRIPLE (Flyball, 9D, EV 101.9 MPH)
|
|
Batting: RHB Jeremy Giesler
|
0-0: Called Strike 0-1: Ball 1-1: Ball 2-1: Ball 3-1: Called Strike 3-2: Foul Ball, location: 2F 3-2: Strikes out swinging
|
|
Batting: LHB Steve Pond
|
0-0: Ball 1-0: Foul Ball, location: 2F 1-1: Swinging Strike 1-2: Fly out, F8 (Flyball, 78M, EV 85.0 MPH)
|
| Bottom of the 2nd over - 0 runs, 1 hit, 0 errors, 1 left on base; Iowa 2 - Oklahoma City 3 |
| TOP OF THE 3RD |
|
Iowa Cubs batting - Pitching for Oklahoma City Dodgers : RHP Tyler Scherer
|
|
Batting: SHB Seung-ho Zhang
|
0-0: SINGLE (Groundball, 56D, EV 102.5 MPH)
|
|
Batting: LHB Sumiki Okuhara
|
0-0: Ball 1-0: Ball 2-0: Foul Ball, location: 2F 2-1: Foul Ball, location: 2F 2-2: Ball 3-2: Fly out, F8 (Flyball, 8RD, EV 86.9 MPH)
|
|
Batting: LHB Mark Ingram
|
0-0: Foul Ball, location: 2F 0-1: Fly out, F9 (Flyball, 9, EV 80.0 MPH)
|
|
Batting: RHB Ricardo Aguinaga
|
0-0: Ball Wild Pitch! Seung-ho Zhang to second 1-0: Ball 2-0: SINGLE (Flyball, 56D, EV 93.8 MPH) Seung-ho Zhang to third Runner from 3rd tries for Home, SAFE, throw by LF to home
|
|
Batting: SHB Gabriel Cruz
|
0-0: Called Strike 0-1: Foul Ball, location: 2F 0-2: Ball 1-2: Ground out 4-3 (Groundball, 34S, EV 84.4 MPH)
|
| Top of the 3rd over - 1 run, 2 hits, 0 errors, 1 left on base; Iowa 3 - Oklahoma City 3 |
| BOTTOM OF THE 3RD |
|
Oklahoma City Dodgers batting - Pitching for Iowa Cubs : LHP Jesse Fields
|
|
Batting: RHB Curt Earnest
|
0-0: Ground out 5-3 (Groundball, 5, EV 90.6 MPH)
|
|
Batting: LHB Jose Robles
|
0-0: Foul Ball, location: 2F 0-1: Ball 1-1: Foul Ball, location: 2F 1-2: SINGLE (Groundball, 6MD, EV 111.9 MPH)
|
|
Batting: RHB Mike Dodson
|
0-0: Ball 1-0: Foul Ball, location: 2F 1-1: Swinging Strike 1-2: Ball 2-2: Ball 3-2: Base on Balls Jose Robles to second
|
|
Batting: RHB T.J. Jordan
|
0-0: Ball 1-0: Ball 2-0: Foul Ball, location: 2F 2-1: Swinging Strike 2-2: Fly out, F9 (Flyball, 89S, EV 86.2 MPH) Lined into DP, 9-6 (Flyball, 89S, EV 86.2 MPH)
|
| Bottom of the 3rd over - 0 runs, 1 hit, 0 errors, 1 left on base; Iowa 3 - Oklahoma City 3 |
| TOP OF THE 4TH |
|
Iowa Cubs batting - Pitching for Oklahoma City Dodgers : RHP Tyler Scherer
|
|
Batting: RHB Brian Gargis
|
0-0: Called Strike 0-1: Fly out, F9 (Flyball, 9, EV 85.6 MPH)
|
|
Batting: RHB Pat Barton
|
0-0: Swinging Strike 0-1: Ball 1-1: Ball 2-1: Ground out 6-3 (Groundball, 6, EV 80.6 MPH)
|
|
Batting: RHB Rich Thurman
|
0-0: Fly out, F9 (Flyball, 9LM, EV 88.1 MPH)
|
| Top of the 4th over - 0 runs, 0 hits, 0 errors, 0 left on base; Iowa 3 - Oklahoma City 3 |
| BOTTOM OF THE 4TH |
|
Oklahoma City Dodgers batting - Pitching for Iowa Cubs : LHP Jesse Fields
|
|
Batting: LHB Robin More
|
0-0: Called Strike 0-1: SINGLE (Groundball, 4MD, EV 96.9 MPH)
|
|
Batting: LHB Darrell Ortega
|
0-0: Ball 1-0: Ball 2-0: Called Strike 2-1: Ball 3-1: Foul Ball, location: 2F 3-2: Base on Balls Robin More to second
|
|
Batting: RHB Theo Schepers
|
0-0: Called Strike 0-1: Called Strike 0-2: Foul Ball, location: 2F 0-2: Foul Ball, location: 2F 0-2: Fly out, F9 (Flyball, 89XD, EV 101.2 MPH) Runner from 2nd tags up, SAFE at 3rd, no throw by RF
|
|
Batting: RHB Jeremy Giesler
|
0-0: Foul Ball, location: 2F 0-1: Ball 1-1: Ball 2-1: Called Strike 2-2: Ball 3-2: SINGLE (Groundball, 4D, EV 95.6 MPH) Robin More scores Darrell Ortega to second Runner from 2nd tries for 3rd, SAFE, throw by RF made to third
|
|
Batting: LHB Steve Pond
|
0-0: Called Strike 0-1: Ball 1-1: Foul Ball, location: 2F 1-2: Grounds into double play, 4-6-3 (Groundball, 4, EV 85.6 MPH)
|
| Bottom of the 4th over - 1 run, 2 hits, 0 errors, 1 left on base; Iowa 3 - Oklahoma City 4 |
| TOP OF THE 5TH |
|
Iowa Cubs batting - Pitching for Oklahoma City Dodgers : RHP Tyler Scherer
|
|
Batting: RHB Adam Kelliher
|
0-0: Foul Ball, location: 2F 0-1: Bunted foul 0-2: Ball 1-2: SINGLE (Line Drive, 7S, EV 92.5 MPH)
|
|
Batting: SHB Seung-ho Zhang
|
0-0: Ball 1-0: Ball 2-0: Foul Ball, location: 2F 2-1: Called Strike 2-2: SINGLE (Groundball, 4MD, EV 109.4 MPH) Adam Kelliher to second
|
|
Batting: LHB Sumiki Okuhara
|
0-0: Called Strike 0-1: Ball 1-1: Foul Ball, location: 2F 1-2: Ball 2-2: Ball 3-2: SINGLE (Groundball, 34D, EV 96.2 MPH) Adam Kelliher to third Seung-ho Zhang to second
|
|
Batting: LHB Mark Ingram
|
0-0: Foul Ball, location: 2F 0-1: Ball 1-1: Fly out, F9 (Line Drive, 89M, EV 96.9 MPH) Runner from 3rd tags up, OUT at HOME! 9-2 Seung-ho Zhang to third Sumiki Okuhara to second
|
|
Batting: RHB Ricardo Aguinaga
|
0-0: Ball 1-0: Fly out, F7 (Flyball, 7D, EV 98.8 MPH)
|
| Top of the 5th over - 0 runs, 3 hits, 0 errors, 2 left on base; Iowa 3 - Oklahoma City 4 |
| BOTTOM OF THE 5TH |
|
Oklahoma City Dodgers batting - Pitching for Iowa Cubs : LHP Jesse Fields
|
|
Batting: RHB Curt Earnest
|
0-0: Ball 1-0: Ball 2-0: Ball 3-0: Called Strike 3-1: Base on Balls
|
|
Batting: LHB Jose Robles
|
0-0: Called Strike 0-1: Ball Curt Earnest steals 2nd, throwing error, E2 Curt Earnest to third 1-1: Ground out U3 (Groundball, 3, EV 87.5 MPH)
|
|
Batting: RHB Mike Dodson
|
0-0: SINGLE (Groundball, 56D, EV 106.9 MPH) Curt Earnest scores
|
|
Pitching: RHP Michele Montella
|
|
|
Batting: RHB T.J. Jordan
|
0-0: Swinging Strike 0-1: Called Strike Mike Dodson steals 2nd base 0-2: Foul Ball, location: 2F 0-2: Ball 1-2: Strikes out looking
|
|
Batting: LHB Robin More
|
0-0: Ball 1-0: Ball 2-0: Ball 3-0: Base on Balls
|
|
Batting: LHB Darrell Ortega
|
0-0: Called Strike 0-1: Foul Ball, location: 2F 0-2: Fielders Choice at 2nd, U6 (Groundball, 6M, EV 107.5 MPH)
|
| Bottom of the 5th over - 1 run, 1 hit, 1 error, 2 left on base; Iowa 3 - Oklahoma City 5 |
| TOP OF THE 6TH |
|
Iowa Cubs batting - Pitching for Oklahoma City Dodgers : RHP Tyler Scherer
|
|
Batting: SHB Gabriel Cruz
|
0-0: Ball 1-0: Ground out 6-3 (Groundball, 6M, EV 86.2 MPH)
|
|
Batting: RHB Brian Gargis
|
0-0: Ball 1-0: Foul Ball, location: 2F 1-1: Called Strike 1-2: Reached on error, E4 (Groundball, 4, EV 88.8 MPH)
|
|
Batting: RHB Pat Barton
|
0-0: Ball 1-0: Ball 2-0: Called Strike 2-1: Ball 3-1: Called Strike 3-2: Base on Balls
|
|
Batting: RHB Rich Thurman
|
0-0: Ball 1-0: Called Strike 1-1: Ball 2-1: Grounds into double play, 6-4-3 (Groundball, 6, EV 85.0 MPH)
|
| Top of the 6th over - 0 runs, 0 hits, 1 error, 1 left on base; Iowa 3 - Oklahoma City 5 |
| BOTTOM OF THE 6TH |
|
Oklahoma City Dodgers batting - Pitching for Iowa Cubs : RHP Michele Montella
|
|
Batting: RHB Theo Schepers
|
0-0: Ball 1-0: Called Strike 1-1: Ball 2-1: Ball 3-1: Foul Ball, location: 2F 3-2: Base on Balls
|
|
Batting: RHB Jeremy Giesler
|
0-0: Called Strike 0-1: Grounds into double play, 6-4-3 (Groundball, 6, EV 95.6 MPH)
|
|
Batting: LHB Steve Pond
|
0-0: Called Strike 0-1: Called Strike 0-2: Fly out, F9 (Flyball, 9LM, EV 80.6 MPH)
|
| Bottom of the 6th over - 0 runs, 0 hits, 0 errors, 0 left on base; Iowa 3 - Oklahoma City 5 |
| TOP OF THE 7TH |
|
Iowa Cubs batting - Pitching for Oklahoma City Dodgers : RHP Tyler Scherer
|
|
Pitching: RHP Adam Bucci
|
|
|
Batting: RHB Adam Kelliher
|
0-0: Ball 1-0: Foul Ball, location: 2F 1-1: Fly out, F9 (Flyball, 9S, EV 90.0 MPH)
|
|
Batting: SHB Seung-ho Zhang
|
0-0: Ball 1-0: Swinging Strike 1-1: Ground out 4-3 (Groundball, 4, EV 105.0 MPH)
|
|
Batting: LHB Sumiki Okuhara
|
0-0: Called Strike 0-1: Foul Ball, location: 2F 0-2: Ground out U3 (Groundball, 3, EV 83.8 MPH)
|
| Top of the 7th over - 0 runs, 0 hits, 0 errors, 0 left on base; Iowa 3 - Oklahoma City 5 |
| BOTTOM OF THE 7TH |
|
Oklahoma City Dodgers batting - Pitching for Iowa Cubs : RHP Michele Montella
|
|
Batting: RHB Curt Earnest
|
0-0: Called Strike 0-1: Ball 1-1: Foul Ball, location: 2F 1-2: Ball 2-2: Ball 3-2: Foul Ball, location: 2F 3-2: Base on Balls
|
|
Batting: LHB Jose Robles
|
0-0: Called Strike 0-1: Swinging Strike 0-2: Ball 1-2: Strikes out swinging
|
|
Batting: RHB Mike Dodson
|
0-0: Ball 1-0: Called Strike 1-1: Called Strike 1-2: Ball Curt Earnest steals 2nd, throwing error, E2 Curt Earnest to third 2-2: Ball 3-2: Foul Ball, location: 2F 3-2: Strikes out swinging
|
|
Batting: RHB T.J. Jordan
|
0-0: Fly out, F7 (Flyball, 78S, EV 73.1 MPH)
|
| Bottom of the 7th over - 0 runs, 0 hits, 1 error, 1 left on base; Iowa 3 - Oklahoma City 5 |
| TOP OF THE 8TH |
|
Iowa Cubs batting - Pitching for Oklahoma City Dodgers : RHP Adam Bucci
|
|
Now at 3B: Chris Raymond
|
|
|
Batting: LHB Mark Ingram
|
0-0: Fly out, F9 (Flyball, 89M, EV 96.2 MPH)
|
|
Batting: RHB Ricardo Aguinaga
|
0-0: Ball 1-0: Ground out 3-1 (Groundball, 34, EV 105.0 MPH)
|
|
Batting: SHB Gabriel Cruz
|
0-0: Fly out, F9 (Flyball, 9, EV 81.9 MPH)
|
| Top of the 8th over - 0 runs, 0 hits, 0 errors, 0 left on base; Iowa 3 - Oklahoma City 5 |
| BOTTOM OF THE 8TH |
|
Oklahoma City Dodgers batting - Pitching for Iowa Cubs : RHP Michele Montella
|
|
Pitching: LHP Jose Urena
|
|
|
Batting: LHB Robin More
|
0-0: Ball 1-0: Ground out 5-3 (Groundball, 56, EV 100.0 MPH)
|
|
Batting: LHB Darrell Ortega
|
0-0: Ball 1-0: Ball 2-0: Fly out, F8 (Flyball, 8RM, EV 83.1 MPH)
|
|
Batting: RHB Theo Schepers
|
0-0: Ball 1-0: Ball 2-0: Ball 3-0: Called Strike 3-1: Called Strike 3-2: Base on Balls
|
|
Batting: RHB Jeremy Giesler
|
0-0: Ball 1-0: Ball 2-0: Foul Ball, location: 2F 2-1: Ball 3-1: Base on Balls Theo Schepers to second
|
|
Batting: LHB Steve Pond
|
0-0: Called Strike 0-1: Called Strike 0-2: Ball 1-2: Ball 2-2: Foul Ball, location: 2F 2-2: Foul Ball, location: 2F 2-2: Ball 3-2: Foul Ball, location: 2F 3-2: Foul Ball, location: 2F 3-2: Ground out 6-3 (Groundball, 6D, EV 105.6 MPH)
|
| Bottom of the 8th over - 0 runs, 0 hits, 0 errors, 2 left on base; Iowa 3 - Oklahoma City 5 |
| TOP OF THE 9TH |
|
Iowa Cubs batting - Pitching for Oklahoma City Dodgers : RHP Adam Bucci
|
|
Pitching: RHP Juan Hurtado
|
|
|
Batting: RHB Brian Gargis
|
0-0: Ball 1-0: DOUBLE (Groundball, 3L, EV 104.4 MPH)
|
|
Batting: RHB Pat Barton
|
0-0: Swinging Strike 0-1: SINGLE (Flyball, 89S, EV 96.2 MPH) Brian Gargis to third
|
|
Batting: RHB Rich Thurman
|
0-0: Called Strike 0-1: Called Strike 0-2: Ball 1-2: Strikes out swinging
|
|
Batting: RHB Adam Kelliher
|
0-0: Called Strike 0-1: Swinging Strike 0-2: Ball 1-2: Ball 2-2: Fielders Choice at 2nd, 6-4 (Groundball, 6, EV 102.5 MPH) Brian Gargis scores
|
|
Batting: SHB Seung-ho Zhang
|
0-0: Ground out 4-3 (Groundball, 34, EV 90.6 MPH)
|
| Top of the 9th over - 1 run, 2 hits, 0 errors, 1 left on base; Iowa 4 - Oklahoma City 5 |
|